 Dungeon Crawl Stone Soup version 0.30-b1-2-g02819fbbbe (webtiles) character file.

Game seed: 10887046013606930009

4624 Metae the Blocker (level 10, -8/92 HPs)
             Began as a Minotaur Fighter on July 6, 2023.
             Mangled by Harold
             ... wielding a +0 battleaxe of freezing
              (18 damage)
             ... on level 9 of the Dungeon.
             The game lasted 00:21:47 (6439 turns).

Metae the Blocker (Minotaur Fighter)                Turns: 6439, Time: 00:21:48

Health: -8/92      AC: 13    Str: 30    XL:     10   Next: 19%
Magic:  9/9        EV: 13    Int:  5    God:
Gold:   283        SH: 10    Dex: 11    Spells: 9/9 levels left

rFire   + . .        L - +6 whip
rCold   + . .        B - +0 kite shield
rNeg    . . .        s - +0 chain mail
rPois   +            (helmet restricted)
rElec   +            (no cloak)
rCorr   +            G - +1 pair of gloves
SInv    .            (no boots)
Will    .....        I - amulet of regeneration Stlth
                     C - +5 ring of evasion
HPRegen 1.15/turn    P - +6 ring of strength
MPRegen 0.11/turn

%: no passive effects
@: resistant, marked, attractive
A: horns 2, retaliatory headbutt
a: no special abilities


You were on level 9 of the Dungeon.
You visited 2 branches of the dungeon, and saw 10 of its levels.

You collected 379 gold pieces.
You spent 96 gold pieces at shops.

Inventory:

Hand Weapons
 a - a +0 war axe
 c - a +0 dagger of draining
 L - a +6 whip (weapon)
Missiles
 K - 2 throwing nets (quivered)
Armour
 s - a +0 chain mail (worn)
 B - a +0 kite shield (worn)
 E - a scarf of shadows
 G - a +1 pair of gloves (worn)
Jewellery
 j - a ring of ice
 C - a +5 ring of evasion (left hand)
 I - an amulet of regeneration (around neck)
 O - a +5 ring of evasion
 P - a +6 ring of strength (right hand)
 S - a +6 ring of strength
Wands
 q - a wand of roots (14)
 Q - a wand of light (4)
 R - a wand of flame (11)
Scrolls
 e - 3 scrolls of blinking {unknown}
 f - a scroll of torment {unknown}
 l - 3 scrolls of teleportation {unknown}
 o - 2 scrolls of noise {unknown}
 p - 2 scrolls of acquirement {unknown}
 r - 2 scrolls of enchant weapon {unknown}
 t - 4 scrolls of vulnerability {unknown}
 v - 3 scrolls of poison {unknown}
 w - 6 scrolls of identify {unknown}
 y - a scroll of brand weapon {unknown}
 A - a scroll of enchant armour {unknown}
 D - a scroll of amnesia {unknown}
 F - a scroll of magic mapping {unknown}
 H - 2 scrolls of fog {unknown}
 J - a scroll of butterflies {unknown}
 M - 6 scrolls of immolation {unknown}
 N - 2 scrolls of fear {unknown}
Potions
 b - 2 potions of cancellation {unknown}
 d - a potion of degeneration {unknown}
 g - a potion of invisibility {unknown}
 h - 5 potions of curing
 i - a potion of brilliance {unknown}
 k - 2 potions of attraction
 m - a potion of lignification {unknown}
 n - a potion of resistance
 u - 2 potions of flight {unknown}
 x - 2 potions of magic {unknown}
 z - a potion of haste {unknown}


   Skills:
 + Level 9.7 Fighting
 - Level 6.4(7.7) Axes
 + Level 6.5(7.8) Maces & Flails
 + Level 9.6 Armour
 + Level 9.7 Shields


You had 9 spell levels left.
You didn't know any spells.
Your spell library contained the following spells:

 Spells                   Type           Power      Damage    Failure   Level
 Freeze                   Ice            0%         1d3       96%         1
 Blink                    Tloc           0%         N/A       99%         2
 Cigotuvi's Dreadful Rot  Necr/Pois/Air  0%         N/A       99%         2
 Lesser Beckoning         Tloc           0%         N/A       99%         2
 Momentum Strike          Conj/Tloc      0%         3d8       99%         2
 Frozen Ramparts          Ice            0%         1d1       100%        3
 Gell's Gravitas          Tloc           0%         N/A       100%        3
 Hailstorm                Conj/Ice       0%         3d3       100%        3
 Ignite Poison            Fire/Tmut/Pois 0%         N/A       100%        3
 Ozocubu's Armour         Ice            0%         N/A       100%        3
 Summon Guardian Golem    Hex/Summ       0%         N/A       100%        3
 Teleport Other           Tloc           0%         N/A       100%        3
 Dispel Undead            Necr           0%         3d6       100%        4
 Sticky Flame             Conj/Fire      0%         2d3       100%        4
 Metabolic Englaciation   Hex/Ice        0%         N/A       100%        5
 Death Channel            Necr           0%         N/A       100%        6
 Dispersal                Tloc           0%         N/A       100%        6
 Simulacrum               Ice/Necr       0%         N/A       100%        6
 Orb of Destruction       Conj           0%         9d5       100%        7
 Spellforged Servitor     Conj/Summ      0%         N/A       100%        7
 Ignition                 Fire           0%         3d3       100%        8


Dungeon Overview and Level Annotations

Branches:
Dungeon (9/15)             Temple (1/1) D:6
   Lair: D:8-11         Orc: D:9-12

Altars:
Ashenzari
Cheibriados
Elyvilon
Fedhas
Hepliaklqana
Makhleb
Nemelex Xobeh
Okawaru
Qazlal
Ru
Sif Muna
Trog
Vehumet
Wu Jian
Xom
Yredelemnul
Zin
The Shining One

Shops:
D:1 !

Annotations:
D:9 Harold


Innate Abilities, Weirdness & Mutations

You have a pair of horns on your head.
You reflexively headbutt those who attack you in melee.


Message History

Harold freezes you.
You hit Harold but do no damage.
Harold is moderately wounded.
Harold misses you.
You hit Harold. You headbutt Harold!
Harold is heavily wounded.
You hit Harold.
Harold is heavily wounded.
Harold is no longer blind.
Harold hits you with a +0 battleaxe of freezing!!
* * * LOW HITPOINT WARNING * * *
Harold freezes you.
* * * LOW HITPOINT WARNING * * *
You hit Harold but do no damage.
Harold is heavily wounded.
Harold closely misses you.
It was a potion of attraction.
You feel attractive to monsters.
Harold hits you with a +0 battleaxe of freezing!
* * * LOW HITPOINT WARNING * * *
Harold freezes you.
* * * LOW HITPOINT WARNING * * *
Harold attacks as you move away! Harold closely misses you.
It was a potion of resistance.
You feel protected. Harold casts a spell at you.
A sentinel's mark forms upon you.
You hit Harold. You headbutt Harold!
Harold is severely wounded.
Harold points at you and mumbles some strange words.
The mark upon you grows brighter.
You hit Harold.
Harold is severely wounded.
Harold barely misses you.
You barely miss Harold.
Harold is severely wounded.
You whack Harold!
Harold is almost dead.
Harold hits you with a +0 battleaxe of freezing!!
You die...

##..........###
#..............#
##....@#######..
#.....#.._..#..
##.##.....#.)...#.#
+.........#.#.#.#.#
##.#####..#8#.# #.#
# ##..###.###.####+
#.....@@....##..
#....#####..##.#
#.####
##..#.######### #.#
##...........# #+#
##...........
###..)....._..
#.<......._8_.
+.#........_..
###...........


You could see Harold (strong).

Vanquished Creatures
  A two-headed ogre (D:8)
  A troll (D:8)
  2 hornets
  2 humans (D:9)
  A wyvern (D:8)
  Duvessa (D:4)
  4 ice beasts
  2 sky beasts
  3 black bears
  An ogre (D:7)
  3 centaurs
  2 phantoms
  2 kobold brigands
  2 scorpions
  Dowan (D:4)
  An electric eel (D:6)
  4 hounds
  2 jellies
  2 gnoll boudas
  6 orc priests
  Jessica (D:2)
  3 iguanas
  12 orc wizards
  A sleepcap (D:6)
  12 gnolls
  8 adders
  11 river rats (D:6)
  2 shadow imps (D:5)
  A white imp (D:7)
  2 worms (D:2)
  7 dart slugs
  37 orcs
  5 ball pythons
  4 bats
  6 endoplasms
  5 giant cockroaches
  9 goblins
  8 hobgoblins
  7 quokkas
  9 frilled lizards (D:1)
  13 kobolds
  18 rats
224 creatures vanquished.

Notes
Turn   | Place    | Note
-------+----------+-------------------------------------------
     0 | D:1      | Metae the Minotaur Fighter began the quest for the Orb.
     0 | D:1      | Reached XP level 1. HP: 19/19 MP: 0/0
    26 | D:1      | Found Foorexzomygh's Distillery.
    99 | D:1      | Reached XP level 2. HP: 19/27 MP: 1/1
   363 | D:1      | Found a faded altar of an unknown god.
   377 | D:1      | Reached XP level 3. HP: 33/33 MP: 2/2
   831 | D:2      | Reached XP level 4. HP: 41/41 MP: 3/3
   913 | D:2      | Noticed Jessica
   931 | D:2      | Killed Jessica
  1129 | D:2      | Reached XP level 5. HP: 30/47 MP: 4/4
  1996 | D:1      | Bought a potion of heal wounds for 60 gold pieces
  1996 | D:1      | Bought a potion of curing for 36 gold pieces
  2094 | D:4      | Noticed a phantom
  2103 | D:4      | Killed a phantom
  2104 | D:4      | Reached skill level 5 in Fighting
  2104 | D:4      | Reached skill level 5 in Armour
  2104 | D:4      | Reached skill level 5 in Shields
  2131 | D:4      | Noticed an ice beast
  2139 | D:4      | Killed an ice beast
  2140 | D:4      | Reached XP level 6. HP: 45/56 MP: 5/5
  2201 | D:4      | Noticed Dowan
  2202 | D:4      | Noticed Duvessa
  2244 | D:4      | Killed Duvessa
  2255 | D:4      | Killed Dowan
  2271 | D:4      | Reached skill level 5 in Axes
  2271 | D:4      | Reached XP level 7. HP: 25/62 MP: 6/6
  2998 | D:5      | Entered Level 5 of the Dungeon
  3740 | D:5      | You fall into a shaft and drop 3 floors!
  3764 | D:8      | Reached XP level 8. HP: 45/71 MP: 7/7
  4041 | D:6      | Reached skill level 1 in Maces & Flails
  4133 | D:6      | Found a staircase to the Ecumenical Temple.
  4141 | Temple   | Entered the Ecumenical Temple
  4668 | D:6      | Reached XP level 9. HP: 81/81 MP: 8/8
  5114 | D:7      | Found a basalt altar of Yredelemnul.
  5307 | D:7      | Paralysed by a hornet for 1 turns
  5640 | D:7      | Reached skill level 5 in Maces & Flails
  6023 | D:8      | Found a shimmering blue altar of Sif Muna.
  6069 | D:8      | Noticed a troll
  6077 | D:8      | Killed a troll
  6122 | D:8      | Noticed a two-headed ogre
  6136 | D:8      | Killed a two-headed ogre
  6137 | D:8      | Reached XP level 10. HP: 70/91 MP: 9/9
  6184 | D:8      | Found a glowing golden altar of the Shining One.
  6317 | D:9      | Found a glowing silver altar of Zin.
  6318 | D:9      | Found a white marble altar of Elyvilon.
  6318 | D:9      | Found a sacrificial altar of Ru.
  6323 | D:9      | Found a broken altar of Ashenzari.
  6350 | D:9      | Found an iron altar of Okawaru.
  6403 | D:9      | Noticed Harold
  6432 | D:9      | HP: 3/92 [Harold/+0 battleaxe of freezing (5)]
  6439 | D:9      | Mangled by Harold

Illustrated notes

Levels and vault maps discovered:
D:1:      psy_arrival_dodecagon, layout_loops_ring, serial_shops, shop,
          ebering_ecumenical_altar_box, hex_large, minmay_lizard_pond
D:2:      layout_rooms, nicolae_half_adder, uniq_jessica
D:3:      layout_loops_ring, st_stairs_4
D:4:      layout_basic, uniq_duvessa
D:5:      layout_loops_ring
D:6:      lemuel_ratsnest, layout_basic, minmay_temple_entry_overgrown,
          minivault_14, kennysheep_generic_room_6
D:7:      layout_loops_ring, mainiacjoe_overflow_concentric_impassable,
          minmay_misc_feat_tiny
D:8:      layout_loops_ring, tso_altar, lemuel_round_altar
D:9:      layout_roguey, chequers_temple_overflow_statue_of_worship,
          okawaru_humans, mainiacjoe_overflow_alcove_2, jmf_multi_god_temple2,
          interstate_on_off, serial_bayou_pond_e, uniq_harold
Temple:   eino_temple_lava

Skill      XL: |  1  2  3  4  5  6  7  8  9 |
---------------+----------------------------+-----
Armour         | 4 5 6 7 9 |  9.6
Shields        | 4 5 6 7 9 |  9.7
Fighting       | 4 5 6 7 9 |  9.7
Axes           | 3 4 5 6 |  6.4
Maces & Flails | 3 6 |  6.5

Action                     |  1- 3 |  4- 6 |  7- 9 | 10-12 || total
---------------------------+-------+-------+-------+-------++-------
  Melee: War axe           |    74 |    82 |   127 |       ||   283
         Headbutt          |    10 |    16 |    64 |     9 ||    99
         Whip              |       |       |   334 |    34 ||   368
  Evoke: Wand              |       |       |       |     1 ||     1
    Use: Potion            |       |     2 |       |     2 ||     4
 Armour: Scale mail        |    52 |    15 |       |       ||    67
         Chain mail        |       |    17 |   150 |     7 ||   174
  Dodge: Dodged            |    36 |    31 |   182 |    13 ||   262
  Block: Buckler           |    19 |    18 |       |       ||    37
         Kite shield       |       |     6 |   173 |    15 ||   194
